 Dungeon Crawl Stone Soup version 0.17-a0-1378-g281efdd (webtiles) character file.

514 nubinia the Magician (level 7, -3/43 HPs)
             Began as an Octopode Wizard on June 14, 2015.
             Was an Initiate of Vehumet.
             Slain by a wasp zombie (11 damage)
             ... on level 5 of the Dungeon.
             The game lasted 00:29:47 (5763 turns).

nubinia the Magician (Octopode Wizard)              Turns: 5763, Time: 00:29:47

Health: -3/43      AC:  2    Str:  6    XL:     7   Next: 20%
Magic:  10/14      EV: 13    Int: 21    God:    Vehumet [......]
Gold:   208        SH:  0    Dex: 15    Spells: 4 memorised, 7 levels left

rFire  . . .     SeeInvis .     x - +3 flail of Destiny {freeze, *Corrode +Inv Dex+3 Stlth+} (curse)
rCold  . . .     Clarity  .     (no shield)
rNeg   . . .     SustAt   +     g - +1 hat
rPois  .         Gourm    .     (no amulet)
rElec  .         Spirit   .     e - ring of sustain attributes
rCorr  .         Warding  .     (no ring)
rMut   .         Stasis   .     (no ring)
MR     .....                    (no ring)
Stlth  +++++.....               (no ring)
                                (no ring)
                                (no ring)
                                (no ring)

@: repel missiles, not resistant to hostile enchantments, quite stealthy
A: almost no armour, amphibious, 8 rings, constrict 8, camouflage 1, gelatinous
body 1
a: Renounce Religion, Evoke Invisibility


You were on level 5 of the Dungeon.
You worshipped Vehumet.
Vehumet was noncommittal.
You were not hungry.

You visited 1 branch of the dungeon, and saw 5 of its levels.

You collected 208 gold pieces.

Inventory:

Hand weapons
 a - a +1 mace
 b - a +0 blowgun
 p - a -1 mace
 x - the cursed +3 flail of Destiny (weapon) {freeze, *Corrode +Inv Dex+3 Stlth+}
   (You found it on level 5 of the Dungeon)

   It has been specially enchanted to freeze those struck by it, causing extra
   injury to most foes and up to half again as much damage against particularly
   susceptible opponents.
   It can also slow down cold-blooded creatures.
   It affects your dexterity (+3).
   It lets you turn invisible.
   It may corrode your equipment when you take damage.
   It makes you more stealthy.
   It has a curse placed upon it.
Missiles
 u - 28 poisoned needles
Armour
 g - a +1 hat (worn)
Jewellery
 e - a ring of sustain attributes (left tentacle)
Scrolls
 k - a scroll of fog
 l - a scroll of enchant weapon
 n - a scroll of noise
 s - a scroll of remove curse
Potions
 d - a potion of might
 f - a potion of degeneration {unknown}
 h - a potion of agility {unknown}
 i - a potion of cure mutation {unknown}
 j - a potion of magic
 q - 3 potions of lignification
 r - a potion of curing
 v - a potion of poison
Books
 t - a book of Minor Magic

   Spells                             Type                      Level
   a - Magic Dart                     Conjuration                  1
   b - Blink                          Translocation                2
   c - Call Imp                       Summoning                    2
   d - Repel Missiles                 Charms/Air                   2
   e - Slow                           Hexes                        2
   f - Conjure Flame                  Conjuration/Fire             3
   g - Mephitic Cloud                 Conjuration/Poison/Air       3
Comestibles
 c - 6 bread rations
 m - 3 meat rations
 o - 4 fruits


   Skills:
 + Level 1.1 Fighting
 + Level 1.1 Maces & Flails
 + Level 0.2 Throwing
 + Level 2.8 Dodging
 + Level 4.6 Stealth
 + Level 4.8 Spellcasting
 + Level 3.2 Conjurations
   Level 1.0 Summonings
 + Level 1.0 Translocations
 + Level 0.8 Air Magic
 + Level 3.0 Poison Magic


You had 7 spell levels left.
You knew the following spells:

 Your Spells              Type           Power        Failure   Level  Hunger
a - Magic Dart            Conj           ###.         3%          1    None
b - Blink                 Tloc           N/A          12%         2    None
c - Mephitic Cloud        Conj/Pois/Air  ##......     14%         3    ##.....
r - Repel Missiles        Chrm/Air       #.....       14%         2    None


Dungeon Overview and Level Annotations

Branches:
Dungeon (5/15)
 Temple: D:4-7

Altars:
Ashenzari
Gozag
Vehumet
Yredelemnul

Shops:
D:5 *

Annotations:
D:3 asdu's ghost, weakling GrSk


Innate Abilities, Weirdness & Mutations

You cannot wear most types of armour.
You are amphibious.
You can wear up to eight rings at the same time.
You can use your tentacles to constrict eight enemies at once.
Your skin changes colour to match your surroundings (Stealth).
Your rubbery body absorbs attacks (AC +1).


Message History

Aim: a wasp zombie The magic dart hits the wasp zombie.
You hit the wasp zombie but do no damage.
You grab the wasp zombie. You constrict the wasp zombie.
The wasp zombie hits you but does no damage.
The wasp zombie closely misses you.
You hit the wasp zombie. You constrict the wasp zombie.
The wasp zombie hits you!
* * * LOW HITPOINT WARNING * * *
Unknown command.
Unknown command.
Unknown command.
Casting: Magic Dart
Confirm with . or Enter, or press ? or * to list all spells.
Aiming: Magic Dart
Press: ? - help, Shift-Dir - straight line, f/p - wasp zombie
Aim: a wasp zombie (constricted by you)
The magic dart hits the wasp zombie.
You constrict the wasp zombie. The wasp zombie closely misses you.
The wasp zombie hits you!
You die...

#.# #..#. #.# ######..##
##.## #.......# ##...##
#.###..## #.....# #..###
##...## #..... ##.## #.####
####.#####.###.####
#.@............)...
.#########Z############.####
...........####### #.#
.#######l........######.#
#.#..............#
#.#######.######## #.#
#........ #.# ######### ..#


You could see a wasp zombie and a giant newt (wandering).

Vanquished Creatures
  A black bear (D:3)
  3 orc wizards (D:4)
  2 orc priests (D:4)
  2 hounds (D:5)
  An iguana (D:5)
  6 adders
  2 oozes
  An adder skeleton (D:5)
  A worm (D:1)
  3 giant geckos (D:3)
  17 orcs
  A ball python (D:3)
  2 giant cockroaches
  15 hobgoblins
  2 quokkas
  6 bats
  3 giant newts
  12 goblins
  A goblin skeleton (D:3)
  4 jackals
  15 kobolds
  11 rats
111 creatures vanquished.

Vanquished Creatures (others)
  An adder (D:3)
1 creature vanquished.

Grand Total: 112 creatures vanquished

Notes
Turn   | Place    | Note
--------------------------------------------------------------
     0 | D:1      | nubinia the Octopode Wizard began the quest for the Orb.
     0 | D:1      | Reached XP level 1. HP: 11/11 MP: 4/4
   373 | D:1      | Reached XP level 2. HP: 17/17 MP: 3/6
   380 | D:1      | Learned a level 2 spell: Blink
   383 | D:1      | Learned a level 2 spell: Repel Missiles
  1320 | D:1      | Reached XP level 3. HP: 21/21 MP: 5/8
  1325 | D:1      | Learned a level 3 spell: Mephitic Cloud
  1843 | D:2      | Reached skill level 1 in Poison Magic
  1956 | D:2      | Reached XP level 4. HP: 27/27 MP: 6/9
  2428 | D:3      | Noticed asdu's ghost (weakling GrSk)
  2431 | D:3      | Found a faded altar to an unknown god.
  3204 | D:3      | Noticed a black bear
  3220 | D:3      | Killed a black bear
  3220 | D:3      | Reached skill level 4 in Spellcasting
  3220 | D:3      | Reached XP level 5. HP: 20/32 MP: 6/11
  3614 | D:3      | Found a runed door.
  3614 | D:3      | Noticed a human
  3617 | D:3      | Found a basalt altar of Yredelemnul.
  3800 | D:4      | Found a sand-covered staircase.
  3907 | D:4      | Found a shattered altar of Ashenzari.
  3963 | D:4      | Reached XP level 6. HP: 37/37 MP: 8/12
  4291 | D:4      | Found a radiant altar of Vehumet.
  4297 | D:4      | Became a worshipper of Vehumet
  5044 | D:4      | Reached skill level 1 in Fighting
  5269 | D:5      | Entered Level 5 of the Dungeon
  5279 | D:5      | Reached XP level 7. HP: 32/43 MP: 10/14
  5475 | D:5      | Got an ancient flail
  5481 | D:5      | Identified the cursed +3 flail of Destiny {freeze, *Corrode +Inv Dex+3 Stlth+} (You found it on level 5 of the Dungeon)
  5497 | D:5      | Found an opulent altar of Gozag.
  5499 | D:5      | Found Gozag's Platinum Reserve.
  5540 | D:5      | Reached skill level 1 in Maces & Flails
  5763 | D:5      | Slain by a wasp zombie

Vault maps used:
D:1:      tarquinn_simple_flora_water_a
D:3:      corexii_shack_village, first_bread, ecumenical_altar_2,
          dk_yredelemnul_ordeal
D:4:      vehumet_crystals, lightli_ossuary_entry_decrepit_ruins,
          cheibrodos_ashenzari_chains
D:5:      nicolae_overflow_crystal_walls, minmay_temple_entry_junction,
          grunt_ministairs_1, nicolae_gozag_zags_fifth_avenue

Action                   |  1- 3 |  4- 6 |  7- 9 || total
-------------------------+-------+-------+-------++-------
Melee: Mace              |    14 |    79 |     5 ||    98
       Flail             |       |       |     9 ||     9
 Fire: Blowgun           |       |     2 |       ||     2
 Cast: Magic Dart        |    78 |   108 |    22 ||   208
       Repel Missiles    |     1 |     1 |       ||     2
       Mephitic Cloud    |     1 |     6 |     2 ||     9
  Use: Scroll            |       |     9 |       ||     9
       Potion            |       |     4 |       ||     4
 Stab: Sleeping          |     1 |     9 |       ||    10
       Confused          |       |     2 |       ||     2
  Eat: Chunk             |     3 |    11 |     1 ||    15
